 Dungeon Crawl Stone Soup version 0.30.0-29-ga12c61a403 (webtiles) character file.

Game seed: 8654678655720623856

2219 ANNNA the Chiller (level 9, -7/64 HPs)
             Began as a Black Draconian Ice Elementalist on June 21, 2023.
             Was an Initiate of Ashenzari.
             Mangled by a vampire
             ... wielding a +2 vampiric halberd
              (14 damage)
             ... in a bailey.
             The game lasted 00:41:43 (10044 turns).

ANNNA the Chiller (DrIE)                           Turns: 10044, Time: 00:41:43

Health: -7/64      AC: 17    Str: 12    XL:     9   Next: 13%
Magic:  6/17       EV: 13    Int: 16    God:    Ashenzari [......]
Gold:   221        SH:  0    Dex: 14    Spells: 12/19 levels left

rFire   . . .        y - +0 halberd
rCold   . . .        (shield currently unavailable)
rNeg    . . .        (body armour unavailable)
rPois   .            (helmet restricted)
rElec   +            (no cloak)
rCorr   .            (no gloves)
SInv    .            (no boots)
Will    .....        (no amulet)
Stlth   +            g - +4 ring of protection
HPRegen 0.30/turn    (no ring)
MPRegen 0.15/turn

%: no passive effects
@: confused, ice-armoured, freezing walls
A: breathe lightning, AC +7, unfitting armour, electricity resistance,
cold-blooded
a: Breathe Lightning, Renounce Religion, Curse Item


You were in a bailey.
You worshipped Ashenzari.
Ashenzari was noncommittal.
You visited 2 branches of the dungeon, and saw 8 of its levels.
You also visited: Bailey.

You collected 221 gold pieces.

Inventory:

Hand Weapons
 x - a +2 falchion of flaming
 y - a +0 halberd (weapon)
Missiles
 c - 36 stones (quivered)
Armour
 u - +0 steam dragon scales
Jewellery
 g - a +4 ring of protection (left hand)
Scrolls
 b - 2 scrolls of amnesia {unknown}
 d - 3 scrolls of summoning
 e - 2 scrolls of enchant armour {unknown}
 j - 3 scrolls of fear
 k - a scroll of teleportation
 l - 2 scrolls of fog
 m - a scroll of blinking {unknown}
 n - a scroll of silence {unknown}
 r - a scroll of immolation {unknown}
 t - a scroll of noise {unknown}
Potions
 a - 2 potions of magic
 f - a potion of curing {unknown}
 h - a potion of attraction {unknown}
 i - 3 potions of heal wounds
 o - 3 potions of mutation
 s - a potion of degeneration {unknown}
 v - a potion of flight {unknown}
 z - 4 potions of brilliance {unknown}


   Skills:
 + Level 1.4 Fighting
 + Level 0.3 Short Blades
 * Level 5.2 Polearms
 * Level 4.5 Dodging
 + Level 3.4 Stealth
 + Level 0.3 Unarmed Combat
 + Level 5.9 Spellcasting
 + Level 6.3 Ice Magic
 * Level 4.3 Evocations


You had 12 spell levels left.
You knew the following spells:

 Your Spells              Type           Power      Damage    Failure   Level
a - Freeze                Ice            96%        1d10      1%          1
b - Frozen Ramparts       Ice            48%        1d8       3%          3
c - Ozocubu's Armour      Ice            24%        N/A       3%          3

Your spell library contained the following spells:

 Spells                   Type           Power      Damage    Failure   Level
 Ice Form                 Ice/Tmut       14%        N/A       36%         4
 Summon Ice Beast         Ice/Summ       14%        N/A       36%         4
 Volatile Blastmotes      Fire/Tloc      8%         2d10      38%         3
 Fulminant Prism          Conj/Hex       2%         3d5       80%         4
 Iskenderun's Mystic Bla  Conj/Tloc      4%         2d3       80%         4
 Lee's Rapid Deconstruct  Erth           2%         3d4*      98%         5


Dungeon Overview and Level Annotations

Branches:
Dungeon (7/15)             Temple (1/1) D:4          Bailey (1/1)

Altars:
Ashenzari
Cheibriados
Dithmenos
Elyvilon
Fedhas
Gozag
Hepliaklqana
Kikubaaqudgha
Makhleb
Nemelex Xobeh
Okawaru
Qazlal
Sif Muna
Trog
Uskayaw
Vehumet
Wu Jian
Xom
Yredelemnul
Zin
The Shining One

Shops:
D:4 :

Annotations:
D:3 3 runed translucent doors, ripuliukko's ghost, amateur DEEE
D:4 1 runed translucent door, Grinder; zxspectator's ghost, amateur FoFi


Innate Abilities, Weirdness & Mutations

You can breathe wild blasts of lightning.
Your glossy black scales are hard. (AC +7)
You cannot fit into any form of body armour.
You are resistant to electric shocks. (rElec)
You are cold-blooded and may be slowed by cold attacks.


Message History

You miscast Frozen Ramparts.
You are very lightly contaminated with residual magic.
Nothing appears to happen.
Something hits you but does no damage.
Casting: Frozen Ramparts (dangerous; 3% risk of failure)
Confirm with . or Enter, or press ? or * to list all spells.
You can't see any susceptible monsters within range! (Use Z to cast anyway.)
Casting: Frozen Ramparts (dangerous; 3% risk of failure)
Confirm with . or Enter, or press ? or * to list all spells.
Casting: Frozen Ramparts (dangerous; 3% risk of failure)
Press: ? - help, Dir - look around, f - activate An open door, spattered with blood.
The walls around you are covered in ice.
The wall freezes something.
Something hits you but does no damage.
Reach: y) +0 halberd
Press: ? - help, Dir - move target You reach to attack!
You barely miss something.
The wall freezes something but does no damage.
You hear some strange, mumbled words.
You are confused.
The wall freezes something.
Something barely misses you.
The wall freezes something.
Something hits you but does no damage.
The wall freezes something but does no damage.
Something barely misses you.
You have got your breath back.
The wall freezes something but does no damage.
You hear some strange, mumbled words.
You are more confused.
Your magical contamination has completely faded away.
The wall freezes something but does no damage.
Something hits you!
* * * LOW HITPOINT WARNING * * *
Okay, then.
The wall freezes something but does no damage.
Something hits you but does no damage.
The wall freezes something but does no damage.
Something hits you.
* * * LOW HITPOINT WARNING * * *
The wall freezes something but does no damage.
Something hits you!
You die...

................#..8.♣♣
................#.....♣
##..............##8...♣
.'........♣......#....♣♣
.#........♣......#.....♣
##.♣........####'#.....♣
#.......♣...#....#...8.♣
#....♣.♣....#....#....♣♣
#...........#..#@##+#♣♣
#..♣♣.....).#..#....#
........#...####{...#
.......####....'....#
8.....##..##...'....#
#######....#...#....#
..........)....#....#
........#......#'####
#''##..)##.....#..#


There were no monsters in sight!

Vanquished Creatures
  A gargoyle (Bailey)
  Eustachio (D:4)
  A steam dragon (D:6)
  3 water moccasins
  2 ogres
  3 phantoms
  A bullfrog (D:6)
  2 scorpions
  A howler monkey (D:6)
  6 vampire bats (Bailey)
  2 wolf zombies (Bailey)
  3 hounds (D:6)
  A jelly (D:5)
  Ijyb (D:3)
  An orc wizard (D:5)
  4 adders
  2 worms
  2 dart slugs
  7 orcs
  4 ball pythons
  7 endoplasms
  5 giant cockroaches
  12 goblins
  8 hobgoblins
  8 jackals
  5 quokkas
  7 bats
  4 frilled lizards
  7 kobolds
  24 orc zombies (Bailey)
  4 rats
139 creatures vanquished.

Notes
Turn   | Place    | Note
-------+----------+-------------------------------------------
     0 | D:1      | ANNNA the Draconian Ice Elementalist began the quest for
                  | the Orb.
     0 | D:1      | Reached XP level 1. HP: 14/14 MP: 3/3
   185 | D:1      | Reached XP level 2. HP: 15/20 MP: 1/5
   827 | D:1      | Reached XP level 3. HP: 25/26 MP: 3/6
   831 | D:1      | Learned a level 3 spell: Frozen Ramparts
  1174 | D:2      | Reached skill level 1 in Evocations
  2121 | D:3      | Noticed ripuliukko's ghost (amateur DEEE)
  2121 | D:3      | Found a runed translucent gate.
  2121 | D:3      | Found a runed translucent gate.
  2121 | D:3      | Found a runed translucent gate.
  2204 | D:3      | Reached XP level 4. HP: 28/33 MP: 3/8
  2353 | D:3      | Learned a level 3 spell: Ozocubu's Armour
  2435 | D:3      | Noticed Ijyb
  3013 | D:3      | Killed Ijyb
  3161 | D:3      | Identified the +3 leather armour of Courage {rElec Will+}
  3225 | D:3      | Found a blossoming altar of Fedhas.
  3231 | D:3      | Found an ornate altar of the Wu Jian Council.
  3686 | D:4      | Noticed Grinder
  3693 | D:4      | Paralysed by Grinder for 5 turns
  3804 | D:4      | Reached XP level 5. HP: 35/38 MP: 6/9
  3864 | D:4      | Paralysed by Grinder for 3 turns
  3944 | D:4      | Found a runed translucent door.
  3944 | D:4      | Noticed zxspectator's ghost (amateur FoFi)
  4021 | D:4      | Noticed Eustachio
  4229 | D:4      | Noticed an ogre
  4300 | D:5      | Entered Level 5 of the Dungeon
  4611 | D:5      | Noticed a phantom
  4703 | D:4      | Found a staircase to the Ecumenical Temple.
  4710 | Temple   | Entered the Ecumenical Temple
  4975 | Temple   | Became a worshipper of Ashenzari the Shackled
  5010 | D:4      | Found Sall's Book Boutique.
  5347 | D:5      | Noticed a phantom
  5606 | D:5      | Noticed an ice beast
  5791 | D:6      | Reached XP level 6. HP: 44/45 MP: 6/11
  6046 | D:6      | Noticed a water moccasin
  6205 | D:6      | Noticed a steam dragon
  6214 | D:6      | Killed a steam dragon
  6215 | D:6      | Reached skill level 1 in Polearms
  6215 | D:6      | Reached skill level 5 in Ice Magic
  6463 | D:6      | Your scales start taking on a glossy black colour.
  6463 | D:6      | Reached XP level 7. HP: 35/51 MP: 6/13
  6463 | D:6      | Gained mutation: You are resistant to electric shocks.
                  | (rElec) [Black Draconian growth]
  6635 | D:6      | Identified the +6 mace of Responsibility {drain, Will+
                  | Stlth+}
  6919 | D:6      | Reached skill level 5 in Spellcasting
  7087 | D:5      | Reached XP level 8. HP: 51/58 MP: 15/15
  7246 | D:5      | Reached skill level 1 in Fighting
  7453 | D:4      | Killed Eustachio
  7806 | D:7      | Found a flagged portal.
  7886 | Bailey   | Entered a bailey
  8762 | Bailey   | Reached skill level 6 in Ice Magic
  9041 | Bailey   | Noticed a gargoyle
  9730 | Bailey   | Killed a gargoyle
  9731 | Bailey   | Reached skill level 5 in Polearms
  9731 | Bailey   | Reached XP level 9. HP: 51/64 MP: 6/17
 10044 | Bailey   | Mangled by a vampire

Illustrated notes

Levels and vault maps discovered:
D:1:      spicycebolla_arrival_ecumenical, layout_basic
D:2:      layout_basic
D:3:      layout_loops_ring, mainiacjoe_overflow_big_doors,
          biasface_ghost_orc_armoury, uniq_ijyb
D:4:      layout_loops_ring, minmay_temple_entry_gardened_gates,
          hellmonk_ghost_happy_afterlife, serial_shops,
          nicolae_shop_real_fake_doors, uniq_eustachio, uniq_grinder
D:5:      layout_loops_ring, minmay_ogre_servants
D:6:      layout_loops_ring
D:7:      minmay_the_grid_octo_tiled_octocenter [minmay_the_grid_octo_focus,
          minmay_the_grid_octo_checkerflower, minmay_the_grid_octo_fan_narrow,
          minmay_the_grid_octo_teeth,
          minmay_the_grid_octo_prize_ultimate_mussel_roller,
          minmay_the_grid_square_5x5_tie, minmay_the_grid_square_5x5_detours,
          minmay_the_grid_square_5x5_lines, minmay_the_grid_square_5x5_minimal],
          layout_loops_ring, enter_bailey_1, nicolae_shop_clearance
Temple:   compressed_dpeg_triangle_lava_temple
Bailey:   bailey_polearm_vampire_castle_hellmonk, bailey

Skill      XL: |  1  2  3  4  5  6  7  8 |
---------------+-------------------------+-----
Dodging        | 2 3 4 |  4.5
Stealth        | 2 3 |  3.4
Evocations     | 1 2 3 4 |  4.3
Spellcasting   | 3 4 5 |  5.9
Polearms       | 1 2 5 |  5.2
Ice Magic      | 5 6 |  6.3
Fighting       | 1 |  1.4
Short Blades   | |  0.3
Unarmed Combat | |  0.3

Action                     |  1- 3 |  4- 6 |  7- 9 || total
---------------------------+-------+-------+-------++-------
  Melee: Unarmed           |    14 |       |       ||    14
         Punch             |     4 |     2 |       ||     6
         Dagger            |   106 |    50 |       ||   156
         Tailslap          |    13 |    14 |    24 ||    51
         Trident           |       |    46 |   100 ||   146
         Halberd           |       |       |    89 ||    89
  Throw: Stone             |       |     1 |    21 ||    22
   Cast: Freeze            |    44 |    45 |    22 ||   111
         Frozen Ramparts   |     2 |     8 |    41 ||    51
         Ozocubu's Armour  |       |     6 |    32 ||    38
Ability: Breathe Lightning |       |       |     1 ||     1
  Evoke: Wand              |       |     3 |     5 ||     8
    Use: Scroll            |       |     7 |     1 ||     8
   Stab: Sleeping          |     5 |     4 |     3 ||    12
 Armour: Skin              |    42 |    50 |   114 ||   206
  Dodge: Dodged            |   121 |    78 |   154 ||   353
